 Dungeon Crawl Stone Soup version 0.31-a0-664-g902f515a81 (webtiles) character file.

Game seed: 1805787029499747190

5065 avis the Nimble (level 10, 0/44 HPs)
             Began as a Felid Shapeshifter on Sept 2, 2023.
             Was an Initiate of Gozag.
             Slain by an orc warrior
             ... wielding a +0 battleaxe
              (13 damage)
             ... on level 8 of the Dungeon.
             The game lasted 00:50:23 (7903 turns).

avis the Nimble (Felid Shapeshifter)                Turns: 7903, Time: 00:50:23

Health: 0/44       AC:  2    Str: 12    XL:     10   Next: 31%
Magic:  20/20      EV: 26    Int: 12    God:    Gozag
Gold:   1365       SH:  0    Dex: 18    Spells: 7/9 levels left
                                        Lives:  0   Deaths: 4

rFire   . .          .
                       - Unarmed
rCold   + . .        (shield unavailable)
rNeg    . . .        (body armour unavailable)
rPois   .            (helmet unavailable)
rElec   +            (cloak unavailable)
rCorr   .            (gloves unavailable)
SInv    +            (boots unavailable)
Will    ++...        n - amulet of regeneration
Stlth   ++++         k - ring "Damnable Contraption" {rElec rC+ Will+}
HPRegen 1.07/turn    y - ring of magical power
MPRegen 0.17/turn

%: no passive effects
@: beast-form, gold aura, quick
A: beast (slay +4), very small, claws 1, fangs 3, see invisible, speed 1, shaggy
fur 2, stealthy paws, no weapons or thrown items, no armour, multi-lived
a: Begin Untransformation, Renounce Religion, Potion Petition, Call Merchant,
Bribe Branch


You were on level 8 of the Dungeon.
You worshipped Gozag.
Gozag was most pleased with you.
You were a hulking beast.
You visited 2 branches of the dungeon, and saw 9 of its levels.

You collected 1443 gold pieces.
You paid 78 gold pieces to Gozag.

Inventory:

Jewellery
 k - the ring "Damnable Contraption" (left paw) {rElec rC+ Will+}
   (You found it on level 2 of the Dungeon)

   [ring of protection from cold]

   rC+:       It protects you from cold.
   rElec:     It insulates you from electricity.
   Will+:     It increases your willpower.
 n - an amulet of regeneration (around neck)
 y - a ring of magical power (right paw)
Talismans
 b - a beast talisman (active)
 f - a flux talisman
Wands
 p - a wand of quicksilver (1)
 B - a wand of flame (25)
Scrolls
 c - 3 scrolls of amnesia {unknown}
 d - 2 scrolls of vulnerability {unknown}
 i - a scroll of noise {unknown}
 j - 5 scrolls of revelation
 m - a scroll of poison {unknown}
 q - a scroll of torment {unknown}
 r - 4 scrolls of teleportation {unknown}
 s - 2 scrolls of fear {unknown}
 t - 2 scrolls of fog {unknown}
 w - a scroll of enchant armour {unknown}
 x - 3 scrolls of identify {unknown}
Potions
 a - a potion of lignification
 e - 4 potions of brilliance
 g - 3 potions of curing {unknown}
 h - a potion of invisibility {unknown}
 l - a potion of might
 o - a potion of heal wounds {unknown}
 u - 2 potions of mutation {unknown}
 v - 2 potions of attraction {unknown}
 z - a potion of experience {unknown}
 A - a potion of degeneration {unknown}


   Skills:
 - Level 5.0 Fighting
 * Level 12.6 Dodging
 + Level 7.3 Stealth
 + Level 7.6 Unarmed Combat
 - Level 3.0 Translocations
 - Level 7.0 Shapeshifting


You had 7 spell levels left.
You knew the following spells:

 Your Spells              Type           Power      Damage    Failure   Level
b - Blink                 Tloc           14%        N/A       14%         2

Your spell library contained the following spells:

 Spells                   Type           Power      Damage    Failure   Level
 Lesser Beckoning         Tloc           14%        N/A       14%         2
 Momentum Strike          Conj/Tloc      6%         3d8       26%         2
 Magic Dart               Conj           0%         1d3       32%         1
 Sting                    Tmut/Pois      0%         1d3       32%         1
 Call Imp                 Summ           0%         N/A       45%         2
 Poisonous Vapours        Pois/Air       0%         N/A       45%         2
 Mephitic Cloud           Conj/Pois/Air  0%         N/A       69%         3
 Olgreb's Toxic Radiance  Pois           0%         N/A       97%         4


Dungeon Overview and Level Annotations

Branches:
Dungeon (8/15)             Temple (1/1) D:4            Lair (0/5) D:8

Altars:
Ashenzari
Dithmenos
Elyvilon
Fedhas
Gozag
Hepliaklqana
Kikubaaqudgha
Makhleb
Nemelex Xobeh
Okawaru
Qazlal
Ru
Sif Muna
Uskayaw
Vehumet
Xom
Yredelemnul
Zin
The Shining One

Shops:
D:1 =

Annotations:
D:1 Can't reach some places--need flying.
D:4 Pikel
D:5 3 runed translucent doors, Dittersdorf's ghost, novice GrFi
D:7 exclusion: door


Innate Abilities, Weirdness & Mutations

You are a hulking beast.
Your limbs bulge with bestial killing power. (Slay +4)
You have sharp claws.
You have razor-sharp teeth.
You have supernaturally acute eyesight. (SInv)
You cover ground quickly. (Speed+)
You are covered in thick fur. (AC +2)
Your paws help you pounce on unaware monsters.
You are incapable of wielding weapons or throwing items.
You cannot wear armour.
You gain extra lives every three experience levels.


Message History

The orc is distracted by your dazzling golden aura.
The orc warrior hits you with a +0 battleaxe!
The orc shouts!
You closely miss the electric eel.
The orc is distracted by your dazzling golden aura.
The orc warrior misses you.
The orc shouts!
Unknown command.
You claw the electric eel!
The electric eel is almost dead.
The electric eel is no longer distracted by gold.
The orc warrior completely misses you.
You claw the electric eel!
You kill the electric eel!
You hear a splash.
The orc is no longer distracted by gold.
The orc completely misses you.
You scratch the orc warrior.
The orc warrior is moderately wounded.
The orc is no longer distracted by gold.
The wolf is distracted by your dazzling golden aura.
The orc warrior misses you.
The wolf howls!
You scratch the orc warrior but do no damage.
The orc warrior is moderately wounded.
The wolf is no longer distracted by gold.
The orc completely misses you.
The orc is distracted by your dazzling golden aura.
The orc warrior hits you with a +0 battleaxe!
The electric eel shoots out a bolt of lightning at you!
The bolt of electricity hits the orc!
The orc dies!
The bolt of electricity hits you. You resist.
* * * LOW HITPOINT WARNING * * *
The orc shouts!
The orc shouts!
The wolf attacks as it pursues you! The wolf completely misses you.
The orc warrior hits you with a +0 battleaxe!
You die...
Your body crumbles into a pile of gold.

#$#.~.~≈≈≈≈.≈~≈~..#
#$#...o~≈≈~≈≈≈≈.....
#o#≈~≈≈≈≈o≈~≈~~.....
#o#≈≈≈≈≈.~.~.≈≈~~...
######'#≈≈≈≈~≈....≈~≈.?..
#.......~≈≈≈≈..>.~.≈≈~...
#.......≈≈≈≈~~.....~~.~..
#.....$.~~≈≈≈~..~.~≈≈...
#........~≈≈~.hh..~~~..
#.........~~~Soo$~≈~...
#.........~~.≈≈.~≈≈≈...
########....≈~~.~≈≈≈≈..
###...~~≈~.~~~~~.. ..
..~~~~≈~.~.~~... ###.#
#....~≈~.~.~~... #<..#
#.~~..~~.~.~.... #####


You could see 2 orc warriors, a wolf, an electric eel and 2 orcs.

Vanquished Creatures
  A gargoyle (D:6)
  Eustachio (D:4)
  A wraith (D:7)
  2 water moccasins (D:6)
  2 orc warriors
  An ice beast (D:8)
  5 sky beasts
  A black bear (D:7)
  4 wolves (D:8)
  3 centaurs (D:7)
  5 ogres
  4 necrophages (D:6)
  2 bullfrogs (D:6)
  3 gnoll sergeants
  2 scorpions
  6 wights
  4 killer bees (D:8)
  2 howler monkeys
  A jelly (D:6)
  3 electric eels (D:8)
  3 centaur zombies (D:6)
  A human zombie (D:6)
  2 bullfrog zombies (D:6)
  5 hounds
  5 orc priests
  6 iguanas
  2 sleepcaps (D:6)
  5 orc wizards
  A mummy (D:6)
  Robin (D:4)
  A gnoll (D:6)
  6 adders
  2 white imps
  2 ufetubi
  3 worms
  A dart slug (D:1)
  30 orcs
  6 bats
  8 endoplasms
  5 giant cockroaches
  8 hobgoblins
  4 quokkas
  8 ball pythons
  3 frilled lizards
  13 goblins
  10 kobolds
  4 rats
  4 butterflies (D:1)
202 creatures vanquished.

Vanquished Creatures (others)
  2 orcs (D:8)
  A goblin (D:4)
3 creatures vanquished.

Grand Total: 205 creatures vanquished

Notes
Turn   | Place    | Note
-------+----------+-------------------------------------------
     0 | D:1      | avis the Felid Shapeshifter began the quest for the Orb.
     0 | D:1      | Reached XP level 1. HP: 9/9 MP: 2/2
    17 | D:1      | Found Genef's Jewellery Shop.
   143 | D:1      | Reached XP level 2. HP: 12/13 MP: 3/3
   480 | D:2      | Found a radiant altar of Vehumet.
   546 | D:2      | Identified the ring "Damnable Contraption" {rElec rC+
                  | Will+}
   677 | D:2      | Reached XP level 3. HP: 16/17 MP: 4/4
   743 | D:2      | Found a faded altar of an unknown god.
   802 | D:2      | Reached skill level 3 in Dodging
   928 | D:2      | Reached skill level 1 in Stealth
  1460 | D:3      | Reached XP level 4. HP: 12/21 MP: 5/5
  1737 | D:3      | Reached XP level 5. HP: 17/24 MP: 6/6
  2216 | D:4      | Noticed Robin
  2261 | D:4      | Killed Robin
  2334 | D:4      | Reached skill level 4 in Dodging
  2509 | D:4      | Learned a level 2 spell: Blink
  2519 | D:4      | Noticed a lemure
  2568 | D:4      | Found a staircase to the Ecumenical Temple.
  2577 | Temple   | Entered the Ecumenical Temple
  2585 | Temple   | Became a worshipper of Gozag Ym Sagoz the Greedy
  2608 | D:4      | Noticed Eustachio
  2612 | D:4      | Killed Eustachio
  2613 | D:4      | Reached skill level 1 in Translocations
  2613 | D:4      | Gained mutation: You are covered in thick fur. (AC +2)
                  | [Felid growth]
  2613 | D:4      | Reached XP level 6. HP: 28/28 MP: 7/7
  2678 | D:4      | Noticed Pikel
  2694 | D:4      | Slain by Pikel
  3537 | D:5      | Entered Level 5 of the Dungeon
  3645 | D:5      | Reached XP level 7. HP: 33/33 MP: 8/8
  3745 | D:5      | Reached skill level 5 in Stealth
  3952 | D:5      | Found a runed translucent gate.
  3952 | D:5      | Found a runed translucent gate.
  3953 | D:5      | Found a runed translucent gate.
  3958 | D:5      | Noticed Dittersdorf's ghost (novice GrFi)
  4187 | D:5      | Reached skill level 5 in Fighting
  4187 | D:5      | Reached skill level 5 in Dodging
  4187 | D:5      | Reached skill level 5 in Unarmed Combat
  4790 | D:6      | Reached skill level 6 in Dodging
  4826 | D:6      | Reached XP level 8. HP: 31/37 MP: 9/9
  4986 | D:6      | Reached skill level 7 in Dodging
  5028 | D:6      | HP: 1/37 [ufetubus (2)]
  5102 | D:6      | Reached skill level 5 in Shapeshifting
  5185 | D:6      | Slain by an orc warrior
  5301 | D:6      | Noticed a gargoyle
  5341 | D:6      | Reached skill level 8 in Dodging
  5423 | D:6      | Killed a gargoyle
  5424 | D:6      | Reached skill level 9 in Dodging
  5424 | D:6      | Reached XP level 9. HP: 7/40 MP: 10/10
  5723 | D:6      | Reached skill level 10 in Dodging
  5767 | D:6      | Found a basalt altar of Yredelemnul.
  6284 | D:6      | Identified the +7 short sword of Extermination {speed,
                  | +Blink rF+ Will- Int+2}
  6369 | D:7      | Reached skill level 11 in Dodging
  7049 | D:7      | Reached XP level 10. HP: 44/44 MP: 11/11
  7122 | D:7      | Noticed a manticore
  7160 | D:7      | Slain by a manticore
  7458 | D:8      | Reached skill level 12 in Dodging
  7871 | D:8      | Slain by an orc warrior
  7878 | D:8      | Found a staircase to the Lair.
  7903 | D:8      | Slain by an orc warrior

Illustrated notes

Levels and vault maps discovered:
D:1:      spicycebolla_arrival_clurvy, layout_rooms, serial_shops, shop,
          kennysheep_nondescript
D:2:      layout_loops_ring, basic_altar, shapermc_ecumenical_altar_venn
D:3:      minmay_inner_zag, layout_loops_ring, nicolae_twisty_statue_hallways
D:4:      layout_cave_pods, temple_hall, uniq_robin, uniq_eustachio, uniq_pikel
D:5:      layout_layer_cave, gammafunk_ghost_split
D:6:      minmay_clustersquares, layout_basic,
          lemuel_mausoleum_altar_yredelemnul
D:7:      layout_loops_cross, minmay_gold_behind_fungi, mrwooster_statue_mirror,
          minmay_misc_feat_doors, minmay_misc_feat_rows, minmay_three_doors
D:8:      layout_basic, erik_lair_island
Temple:   nicolae_temple_two_arcs

Skill      XL: |  1  2  3  4  5  6  7  8  9 10 |
---------------+-------------------------------+-----
Fighting       | 2 3 4 5 |  5.0
Dodging        | 3 4 6 9 11 12 | 12.6
Stealth        | 3 4 5 6 7 |  7.3
Unarmed Combat | 4 5 7 |  7.6
Translocations | 1 2 3 |  3.0
Shapeshifting  | 4 6 7 |  7.0

Action                     |  1- 3 |  4- 6 |  7- 9 | 10-12 || total
---------------------------+-------+-------+-------+-------++-------
  Melee: Unarmed           |    89 |   134 |   208 |   125 ||   556
         Bite              |     8 |     9 |    29 |    16 ||    62
         Punch             |       |     4 |    12 |     7 ||    23
  Evoke: Wand              |       |     6 |     7 |       ||    13
    Use: Scroll            |       |     1 |       |       ||     1
         Potion            |       |       |     4 |     1 ||     5
   Stab: Sleeping          |     3 |     9 |    21 |     2 ||    35
         Distracted        |     1 |       |       |     1 ||     2
 Armour: Skin              |    21 |    39 |    60 |    70 ||   190
  Dodge: Dodged            |    43 |   115 |   149 |   128 ||   435

Table legend: (Time is in decaauts)
 A = Elapsed time spent in this place.
 B = Non-inter-level travel time spent in this place.
 C = Inter-level travel time spent in this place.
 D = Time resting spent in this place.
 E = Time spent auto-exploring this place.
 F = Levels seen in this place.
 G = Mean time per level.
                   A        B        C        D        E       F      G
               +--------+--------+--------+--------+--------+-----+--------+
         Total |   6602 |   5802 |    800 |    633 |   2494 |   9 |  733.6 |
       Dungeon |   6588 |   5794 |    794 |    633 |   2494 |   8 |  823.5 |
        Temple |     13 |      8 |      5 |      0 |      0 |   1 |   13.0 |
               +--------+--------+--------+--------+--------+-----+--------+

Top non-repeatable levels by time:
     D:6: 1221 daAuts
     D:4: 1060 daAuts
     D:7: 973 daAuts
     D:5: 904 daAuts
     D:3: 814 daAuts
     D:2: 732 daAuts
     D:1: 448 daAuts
     D:8: 434 daAuts
  Temple: 13 daAuts
